 Dungeon Crawl Stone Soup version 0.18.1-48-g4cf74bf (webtiles) character file.

62111 Gargoyl the Protected (level 14, -2/124 HPs)
             Began as a Demonspawn Abyssal Knight on Sept 8, 2016.
             Was the Champion of Lugonu.
             Slain by an eight-headed hydra (4 damage)
             ... on level 7 of the Lair of Beasts.
             The game lasted 00:41:24 (20547 turns).

Gargoyl the Protected (Demonspawn Abyssal Knight)  Turns: 20547, Time: 00:41:25

Health: -2/124     AC: 29    Str: 16    XL:     14   Next: 63%
Magic:  16/16      EV: 12    Int: 19    God:    Lugonu [******]
Gold:   1155       SH:  6    Dex: 18    Spells: 0 memorised, 13 levels left

rFire  . . .     SeeInvis .     D - +1 war axe
rCold  . . .     Gourm    .     L - +5 plate armour of Uraniyhe {rPois Str+2}
rNeg   . . .     Faith    .     J - +0 buckler
rPois  +         Spirit   .     (helmet restricted)
rElec  .         Dismiss  .     E - +1 cloak {rPois}
rCorr  .         Reflect  .     k - +1 pair of gloves
SustAt .         Harm     .     (no boots)
MR     ++...                    x - amulet of rage
Stlth  ..........               a - +5 ring of dexterity
                                s - +3 ring of evasion

@: lethally poisoned (-2 -> -6), very slightly contaminated, very resistant to
hostile enchantments, extremely unstealthy
A: hooves 2, horns 1, thin metallic scales 2, clever 2, magic resistance 1,
powered by pain 2, robust 1, screaming 1, spiny 2, weak 1
a: Depart the Abyss, Bend Space, Banish, Corrupt, Enter the Abyss, Brand Weapon
With Distortion, Renounce Religion, Evoke Berserk Rage


You were on level 7 of the Lair of Beasts.
You worshipped Lugonu.
Lugonu was exalted by your worship.
You were not hungry.

You visited 2 branches of the dungeon, and saw 18 of its levels.
You visited the Abyss 1 time.

You collected 1155 gold pieces.

Inventory:

Hand Weapons
 d - a +2 morningstar of protection
 D - a +1 war axe (weapon)
Missiles
 B - 8 javelins (quivered)
Armour
 k - a +1 pair of gloves (worn)
 E - a +1 cloak of poison resistance (worn)
 J - a +0 buckler (worn)
 L - the +5 plate armour of Uraniyhe (worn) {rPois Str+2}
   (You found it on level 2 of the Lair of Beasts)

   It affects your strength (+2).
   It protects you from poison.
Jewellery
 a - a +5 ring of dexterity (right hand)
 f - an uncursed ring of see invisible
 h - an uncursed ring of protection from cold
 s - a +3 ring of evasion (left hand)
 x - an amulet of rage (around neck)
 C - an uncursed ring of magical power
Wands
 l - a wand of slowing (36/48)
 n - a wand of polymorph (10/24)
 z - a wand of digging (7/24)
 F - a wand of lightning (5/15)
 G - a wand of polymorph (20/24)
 M - a wand of lightning (5/15)
 O - a wand of random effects (34/48)
 P - a wand of digging (8/24)
 R - a wand of iceblast (6/15)
 U - a wand of random effects (35/48)
 V - a wand of random effects (25/48)
 W - a wand of polymorph (16/24)
Scrolls
 e - 2 scrolls of identify
 m - 4 scrolls of teleportation
 o - 3 scrolls of blinking
 q - 5 scrolls of recharging
 t - 6 scrolls of remove curse
 y - a scroll of fear
 K - a scroll of fog
 Q - a scroll of acquirement {unknown}
 S - a scroll of amnesia
Potions
 w - 4 potions of brilliance
 A - a potion of curing
 I - a potion of might
 N - a potion of agility
Books
 g - a book of Alchemy

   Spells                             Type                      Level
   a - Sublimation of Blood           Necromancy                   2
   b - Ignite Poison                  Fire/Transmutation/Poison    3
   c - Petrify                        Transmutation/Earth          4
   d - Alistair's Intoxication        Transmutation/Poison         5
   e - Irradiate                      Conjuration/Transmutation    5
 j - a book of Cantrips

   Spells                             Type                      Level
   a - Corona                         Hexes                        1
   b - Animate Skeleton               Necromancy                   1
   c - Summon Small Mammal            Summoning                    1
   d - Apportation                    Translocation                1
 v - a book of Enchantments

   Spells                             Type                      Level
   a - Cause Fear                     Hexes                        4
   b - Yara's Violent Unravelling     Hexes/Transmutation          5
   c - Silence                        Hexes/Air                    5
   d - Deflect Missiles               Charms/Air                   6
   e - Haste                          Charms                       6
   f - Discord                        Hexes                        8
Miscellaneous
 T - a sack of spiders
Comestibles
 b - 4 slices of pizza
 c - 13 bread rations
 i - 4 chunks of flesh
 p - 13 fruits
 r - 2 beef jerkies
 u - 6 meat rations


   Skills:
 + Level 11.3 Fighting
 + Level 8.2(10.4) Axes
 + Level 10.3(11.4) Maces & Flails
 * Level 14.4 Armour
 + Level 6.8 Dodging
 + Level 1.9 Stealth
 + Level 6.7 Shields
 + Level 3.6 Invocations
 + Level 0.8 Evocations


You had 13 spell levels left.
You didn't know any spells.

Dungeon Overview and Level Annotations

Branches:
Dungeon (10/15)            Temple (0/1) D:4            Lair (8/8) D:10
 Shoals (0/4) Lair:4        Snake (0/4) Lair:4        Slime (0/6) Lair:6
    Orc: D:9-12

Altars:
Dithmenos
Elyvilon
Fedhas
Gozag
Makhleb
Nemelex Xobeh
Okawaru
Pakellas
Qazlal
Trog
Xom
Yredelemnul
Zin
The Shining One
Jiyva

Annotations:
Lair:8 Nessos
Abyss:1 Maud


Innate Abilities, Weirdness & Mutations

You have hoof-like feet.
You are mostly covered in thin metallic scales (AC +3).
You sometimes gain power by taking damage.
You are mostly covered in sharp spines.
You have a pair of small horns on your head.
Your mind is very acute. (Int +4)
You are resistant to hostile enchantments.
You are robust (+10% HP).
You occasionally shout uncontrollably at your foes.
You are weak. (Str -2)


Message History

Blink to where?
Press: ? - help, Dir - move target cursor You are very lightly contaminated with residual magic.
As you read the scroll of blinking, it crumbles to dust.
You feel sick.
Found a bread ration and 2 potions of heal wounds.
You feel sick.
Nessos shoots an arrow.
The arrow hits you!
* * * LOW HITPOINT WARNING * * *
The arrow burns you.
* * * LOW HITPOINT WARNING * * *
You climb upwards.
The eight-headed hydra roars!
You feel sick.
The eight-headed hydra barely misses you.
The eight-headed hydra bites you.
* * * LOW HITPOINT WARNING * * *
The eight-headed hydra bites you!
* * * LOW HITPOINT WARNING * * *
The eight-headed hydra bites you.
You die...

........###.PP.......##....8.....
.............PP.......#........##
............PP#........#.8...8.#.
.............P##....P.#.........#
..........#######...#.#....8....#
...........# #.###.#.............
..........####.###.......######..
............###........####......
.............##.@...)#####.....#.
...........####D.....# #.......#.
........(..########.#####.......#
.#............##....P#.P#........
#....#.....P...P........PPPP.....
##...##.#PP.....P.......PP..##...
###...###.P....#.P.....PPP######.
#..#....PP.....#P....##.PP### #..
........PPP..........##..##.# ###


You could see an eight-headed hydra.

Vanquished Creatures
  Rupert (Lair:7)
  11 hydras
  Erica (D:9)
  A queen ant (Lair:4)
  11 death yaks
  The ghost of Iskender the Frost Mage, a journeyman OpIE of Sif Muna (Lair:2)
  A griffon (Lair:4)
  Maurice (D:8)
  11 black mambas
  26 elephants
  9 spiny frogs
  4 rime drakes
  10 komodo dragons
  A merfolk (Lair:4)
  A two-headed ogre (D:8)
  Grinder (D:5)
  5 polar bears (Lair:6)
  13 blink frogs
  Sigmund (D:3)
  A shadow (D:10)
  2 wraiths (D:10)
  4 wyverns
  Eustachio (D:5)
  19 yaks
  3 basilisks
  6 hippogriffs
  Menkaure (D:5)
  20 soldier ants (Lair:4)
  11 water moccasins
  Duvessa (D:6)
  10 porcupines
  4 orc warriors
  4 ice beasts
  4 sky beasts
  A wasp (D:9)
  3 phantoms
  3 black bears
  4 ogres
  17 wolves
  6 centaurs
  15 crocodiles
  2 big kobolds
  17 giant frogs
  A wyvern zombie (D:6)
  5 scorpions
  Dowan (D:6)
  19 killer bees
  2 electric eels
  A howler monkey (D:4)
  2 crimson imps
  2 quasits
  A giant frog zombie (D:10)
  5 orc priests
  4 hounds
  5 jellies
  A giant frog skeleton (D:4)
  11 iguanas
  21 worker ants
  Natasha (twice) (D:3)
  4 orc wizards
  18 sheep
  2 hound zombies
  A hound skeleton (D:4)
  2 worker ant zombies
  9 adders
  74 river rats
  4 shadow imps
  An ufetubus (Abyss:2)
  3 oozes
  2 adder zombies
  3 adder skeletons
  2 worms
  5 dart slugs
  7 giant geckos
  33 orcs
  6 giant cockroaches
  4 goblins
  16 hobgoblins
  13 jackals
  18 kobolds
  5 quokkas
  A ball python (D:2)
  6 bats
  4 giant newts
  A jackal zombie (D:8)
  A quokka skeleton (D:5)
  4 rats
  2 plants (Lair:7)
603 creatures vanquished.

Vanquished Creatures (others)
  A centaur skeleton (D:9)
  24 fungi
  10 plants
35 creatures vanquished.

Grand Total: 638 creatures vanquished

Notes
Turn   | Place    | Note
--------------------------------------------------------------
     0 | Abyss:1  | Gargoyl the Demonspawn Abyssal Knight began the quest for the Orb.
     0 | Abyss:1  | Reached XP level 1. HP: 18/18 MP: 2/2
    28 | Abyss:1  | Found a corrupted altar of Lugonu.
   131 | Abyss:3  | Noticed a large abomination
   143 | Abyss:3  | Noticed a demonic crawler
   144 | Abyss:3  | Noticed a wretched star
   144 | Abyss:3  | Noticed a starcursed mass
   152 | D:1      | Escaped the Abyss
   159 | D:1      | Gained mutation: You are partially covered in thin metallic scales (AC +2). [demonic ancestry]
   159 | D:1      | Reached XP level 2. HP: 24/24 MP: 1/3
   461 | D:1      | Reached * piety under Lugonu
   503 | D:1      | Reached skill level 1 in Dodging
   587 | D:1      | Reached skill level 2 in Armour
   587 | D:1      | Gained mutation: You are partially covered in sharp spines. [demonic ancestry]
   587 | D:1      | Reached XP level 3. HP: 27/29 MP: 4/4
  1414 | D:2      | Reached ** piety under Lugonu
  1559 | D:2      | Reached skill level 1 in Maces & Flails
  1572 | D:2      | Gained mutation: You are mostly covered in thin metallic scales (AC +3). [demonic ancestry]
  1572 | D:2      | Reached XP level 4. HP: 37/37 MP: 4/4
  1786 | D:3      | Noticed Sigmund
  1795 | D:3      | Killed Sigmund
  1795 | D:3      | Reached skill level 3 in Armour
  1795 | D:3      | Gained mutation: You sometimes gain a little power by taking damage. [demonic ancestry]
  1795 | D:3      | Reached XP level 5. HP: 26/42 MP: 6/6
  2061 | D:3      | Reached XP level 6. HP: 42/48 MP: 7/7
  2132 | D:3      | Noticed Natasha
  2140 | D:3      | Killed Natasha
  2144 | D:3      | Found a bloodstained altar of Trog.
  2154 | D:3      | Found an iron altar of Okawaru.
  2186 | D:3      | Noticed Natasha
  2191 | D:3      | Killed Natasha
  2330 | D:4      | Found a staircase to the Ecumenical Temple.
  2373 | D:4      | Found a white marble altar of Elyvilon.
  2376 | D:4      | Reached *** piety under Lugonu
  2525 | D:4      | Found a sparkling altar of Nemelex Xobeh.
  2551 | D:4      | Reached skill level 4 in Armour
  2725 | D:4      | Found an oddly glowing altar of Pakellas.
  2854 | D:4      | Gained mutation: You are mostly covered in sharp spines. [demonic ancestry]
  2854 | D:4      | Reached XP level 7. HP: 55/55 MP: 9/9
  2884 | D:5      | Entered Level 5 of the Dungeon
  3374 | D:5      | Found a basalt altar of Yredelemnul.
  3516 | D:5      | Noticed Grinder
  3522 | D:5      | Killed Grinder
  3522 | D:5      | Reached skill level 5 in Fighting
  3522 | D:5      | Reached skill level 5 in Armour
  3574 | D:5      | Noticed Eustachio
  3605 | D:5      | Killed Eustachio
  3605 | D:5      | Reached **** piety under Lugonu
  3605 | D:5      | Reached XP level 8. HP: 63/63 MP: 10/10
  3862 | D:6      | Reached skill level 6 in Armour
  4032 | D:6      | Found a burning altar of Makhleb.
  4032 | D:6      | Noticed a green death
  4126 | D:6      | Noticed Dowan
  4126 | D:6      | Noticed Menkaure
  4127 | D:6      | Noticed Duvessa
  4150 | D:5      | Killed Menkaure
  4386 | D:6      | Killed Dowan
  4407 | D:6      | Killed Duvessa
  4512 | D:6      | Reached skill level 7 in Armour
  4512 | D:6      | Gained mutation: You have large cloven feet. [demonic ancestry]
  4512 | D:6      | Reached XP level 9. HP: 63/69 MP: 11/11
  4807 | D:7      | Reached skill level 5 in Maces & Flails
  4893 | D:7      | Reached ***** piety under Lugonu
  4981 | D:7      | Reached skill level 8 in Armour
  4988 | D:7      | Gained mutation: You are dopey. (Int -2) [mutagenic meat]
  4989 | D:7      | Gained mutation: You are resistant to hostile enchantments. [mutagenic meat]
  4990 | D:7      | Lost mutation: You are dopey. (Int -2) [mutagenic meat]
  4991 | D:7      | Gained mutation: You are robust (+10% HP). [mutagenic meat]
  4992 | D:7      | Gained mutation: Scrolls take you a little longer to read. [mutagenic meat]
  4993 | D:7      | Gained mutation: You have a pair of small horns on your head. [mutagenic meat]
  4997 | D:7      | Found an opulent altar of Gozag.
  5164 | D:7      | Found a shadowy altar of Dithmenos.
  5420 | D:8      | Found a blossoming altar of Fedhas.
  5447 | D:8      | Noticed Maurice
  5459 | D:8      | Killed Maurice
  6082 | D:8      | Reached XP level 10. HP: 84/84 MP: 12/12
  6099 | D:8      | Reached skill level 5 in Dodging
  6248 | D:9      | Reached skill level 9 in Armour
  6312 | D:9      | Found a stormy altar of Qazlal.
  6411 | D:9      | Noticed Erica
  6421 | D:9      | Killed Erica
  6785 | D:9      | Found a shimmering altar of Xom.
  6891 | D:9      | Found a glowing golden altar of the Shining One.
  6891 | D:9      | Found a glowing silver altar of Zin.
  6891 | D:9      | Found a white marble altar of Elyvilon.
  7021 | D:10     | Entered Level 10 of the Dungeon
  7027 | D:10     | Reached ****** piety under Lugonu
  7093 | D:10     | Reached skill level 10 in Armour
  7286 | D:10     | Reached skill level 1 in Stealth
  7366 | D:10     | Gained mutation: Your mind is acute. (Int +2) [mutagenic meat]
  7367 | D:10     | Gained mutation: You have hoof-like feet. [mutagenic meat]
  7368 | D:10     | Gained mutation: You occasionally shout uncontrollably at your foes. [mutagenic meat]
  7369 | D:10     | Gained mutation: Your mind is very acute. (Int +4) [mutagenic meat]
  7381 | D:10     | Found a staircase to the Lair.
  7525 | D:10     | Lost mutation: Scrolls take you a little longer to read. [mutagenic meat]
  7526 | D:10     | Gained mutation: You are weak. (Str -2) [mutagenic meat]
  8276 | D:10     | Reached XP level 11. HP: 75/94 MP: 13/13
  8376 | Lair:1   | Entered Level 1 of the Lair of Beasts
  8582 | Lair:1   | Noticed a four-headed hydra
  8593 | Lair:1   | Killed a four-headed hydra
  8593 | Lair:1   | Reached skill level 1 in Shields
  9303 | Lair:2   | Noticed Iskender's ghost (journeyman OpIE)
  9320 | Lair:2   | HP: 4/94 [Iskender's ghost/Freeze (23)]
  9326 | Lair:2   | Killed Iskender's ghost
  9326 | Lair:2   | Reached skill level 11 in Armour
  9688 | Lair:2   | Noticed a five-headed hydra
  9699 | Lair:2   | Killed a five-headed hydra
 10003 | Lair:2   | Got a warped plate armour
 10004 | Lair:2   | Identified the +5 plate armour of Uraniyhe {rPois Str+2} (You found it on level 2 of the Lair of Beasts)
 10150 | Lair:2   | Noticed a four-headed hydra
 10156 | Lair:2   | Killed a four-headed hydra
 11169 | Lair:3   | Reached XP level 12. HP: 103/103 MP: 14/14
 12135 | Lair:3   | Noticed a six-headed hydra
 12144 | Lair:3   | Killed a six-headed hydra
 12144 | Lair:3   | Reached skill level 12 in Armour
 12481 | Lair:3   | HP: 5/156 [elephant (9)]
 12866 | Lair:4   | Noticed a queen ant
 12966 | Lair:3   | Noticed a five-headed hydra
 12976 | Lair:3   | Killed a five-headed hydra
 13279 | Lair:4   | Killed a queen ant
 13916 | Lair:4   | Gained mutation: You sometimes gain power by taking damage. [demonic ancestry]
 13916 | Lair:4   | Reached XP level 13. HP: 107/112 MP: 15/15
 14405 | Lair:4   | Found a staircase to the Snake Pit.
 14417 | Lair:4   | Reached skill level 5 in Shields
 14598 | Lair:4   | Reached skill level 13 in Armour
 14968 | Lair:4   | Found a staircase to the Shoals.
 15488 | Lair:4   | Reached skill level 5 in Axes
 15496 | Lair:4   | Reached skill level 10 in Fighting
 16149 | Lair:5   | Reached skill level 10 in Maces & Flails
 17204 | Lair:6   | Reached XP level 14. HP: 122/122 MP: 16/16
 17344 | Lair:6   | Found a glowing golden altar of the Shining One.
 17555 | Lair:6   | Found a viscous altar of Jiyva.
 17556 | Lair:6   | Found a staircase to the Slime Pits.
 18231 | Lair:7   | Noticed Maud
 18233 | Lair:7   | Banished Maud
 18298 | Lair:7   | Reached skill level 14 in Armour
 18601 | Lair:7   | Noticed Rupert
 18623 | Lair:7   | Killed Rupert
 20497 | Lair:8   | Entered Level 8 of the Lair of Beasts
 20528 | Lair:8   | Noticed Nessos
 20547 | Lair:7   | HP: 2/124 [eight-headed hydra (11)]
 20547 | Lair:7   | Slain by an eight-headed hydra

Skill      XL: |  1  2  3  4  5  6  7  8  9 10 11 12 13 14 |
---------------+-------------------------------------------+-----
Axes           | 2 4 6 8 |  8.2
Dodging        | 1 2 3 4 5 6 |  6.8
Armour         | 2 3 4 5 7 8 10 11 12 13 14 | 14.4
Maces & Flails | 1 2 3 4 6 7 9 10 | 10.3
Fighting       | 4 5 6 7 8 9 10 11 | 11.3
Stealth        | 1 |  1.9
Shields        | 2 4 6 |  6.7
Invocations    | 3 |  3.6
Evocations     | |  0.8

Action                   |  1- 3 |  4- 6 |  7- 9 | 10-12 | 13-15 || total
-------------------------+-------+-------+-------+-------+-------++-------
Melee: Morningstar       |    84 |    79 |   186 |   466 |    70 ||   885
       Kick              |       |       |    28 |   260 |   287 ||   575
       Headbutt          |       |       |    12 |   172 |   223 ||   407
       War axe           |       |       |       |   140 |   583 ||   723
Throw: Javelin           |       |       |       |     2 |     3 ||     5
Invok: Depart the Abyss  |     1 |       |       |       |       ||     1
       Banish            |       |       |       |       |     3 ||     3
 Abil: Evoke Berserk Rag |       |       |       |     1 |     2 ||     3
  Use: Scroll            |       |       |    21 |     6 |     5 ||    32
       Potion            |       |       |     9 |    10 |     3 ||    22
 Stab: Invisible         |       |       |       |     3 |       ||     3
  Eat: Chunk             |     2 |     5 |    16 |    23 |    21 ||    67
       Beef jerky        |       |       |       |     1 |     1 ||     2
       Bread ration      |       |       |       |     2 |       ||     2
       Royal jelly       |       |       |       |       |     1 ||     1
Armor: Scale mail        |    54 |       |       |       |       ||    54
       Leather armour    |     4 |       |       |       |       ||     4
       Chain mail        |     9 |    72 |   143 |       |       ||   224
       Plate armour      |       |       |    28 |   670 |   551 ||  1249
       Skin              |       |       |       |    32 |       ||    32
Dodge: Dodged            |    62 |    35 |   139 |   474 |   457 ||  1167
Block: Buckler           |       |       |       |   208 |   272 ||   480
